PA
HOGSMEADE CAULDRONS @ MT. VERNON BULLS
07/25/2027
 
TOP OF THE 1ST
Hogsmeade Cauldrons batting - Pitching for Mt. Vernon Bulls : LHP Martín Salazar
Pitching: LHP Martín Salazar
Batting: RHB Robinson Barquero 0-0: Called Strike
0-1: Foul Ball, location: 2F
0-2: Strikes out looking
Batting: LHB José Cuervo 0-0: Called Strike
0-1: Called Strike
0-2: Ball
1-2: Ball
2-2: Foul Ball, location: 2F
2-2: Strikes out swinging
Batting: RHB Paul Penrice 0-0: Ground out 6-3 (Groundball, 6)
Top of the 1st over - 0 run(s), 0 hit(s), 0 error(s), 0 left on base; Hogsmeade 0 - Mt. Vernon 0
BOTTOM OF THE 1ST
Mt. Vernon Bulls batting - Pitching for Hogsmeade Cauldrons : RHP Bogdon Sokolov
Pitching: RHP Bogdon Sokolov
Batting: RHB Noël Sassetti 0-0: Ball
1-0: Called Strike
1-1: Foul Ball, location: 2F
1-2: Foul Ball, location: 2F
1-2: Fly out, F8 (Flyball, 78M)
Batting: RHB Orlando Montejo 0-0: SINGLE (Line Drive, 78S)
Batting: RHB António López 0-0: Ball
1-0: Swinging Strike
1-1: Foul Ball, location: 2F
1-2: Ball
Orlando Montejo steals 2nd base
2-2: Ball
3-2: 2-RUN HOME RUN (Flyball, 89XD), Distance : 430 ft
Batting: RHB Beau Emery 0-0: Ball
1-0: Ball
2-0: Called Strike
2-1: Ball
3-1: Foul Ball, location: 2F
3-2: SINGLE (Groundball, 6M) (infield hit)
Batting: SHB Scotty Vallee 0-0: DOUBLE (Flyball, 89D)
Beau Emery to third
Runner from 3rd tries for Home, SAFE, no throw
Batting: RHB Ken Gardner 0-0: Ball
1-0: Foul Ball, location: 2F
1-1: Foul Ball, location: 2F
1-2: Ball
2-2: Fly out, F4 (Line Drive, 34D)
Batting: RHB Kieran Turnbull 0-0: Called Strike
0-1: Ball
1-1: Called Strike
1-2: Ball
2-2: Foul Ball, location: 2F
2-2: Strikes out swinging
Bottom of the 1st over - 3 run(s), 4 hit(s), 0 error(s), 1 left on base; Hogsmeade 0 - Mt. Vernon 3
TOP OF THE 2ND
Hogsmeade Cauldrons batting - Pitching for Mt. Vernon Bulls : LHP Martín Salazar
Batting: LHB Cris Gonzáles 0-0: Ball
1-0: Ball
2-0: Ball
3-0: Called Strike
3-1: Swinging Strike
3-2: Base on Balls
Batting: RHB Jason Ward 0-0: Ball
1-0: Ball
2-0: Swinging Strike
2-1: Ball
3-1: Base on Balls
Cris Gonzáles to second
Batting: LHB Donatas Montiejunas 0-0: Ball
1-0: Ball
2-0: Called Strike
2-1: Called Strike
2-2: Ball
3-2: Strikes out looking
Batting: RHB Cody Skillings 0-0: Called Strike
0-1: Called Strike
0-2: Ball
1-2: Strikes out swinging
Batting: SHB Nolan Halverson 0-0: Ball
1-0: Foul Ball, location: 2F
1-1: Called Strike
1-2: Strikes out swinging
Top of the 2nd over - 0 run(s), 0 hit(s), 0 error(s), 2 left on base; Hogsmeade 0 - Mt. Vernon 3
BOTTOM OF THE 2ND
Mt. Vernon Bulls batting - Pitching for Hogsmeade Cauldrons : RHP Bogdon Sokolov
Batting: SHB Vernon T. Waldrip 0-0: Ball
1-0: Called Strike
1-1: Foul Ball, location: 2F
1-2: Strikes out swinging
Batting: RHB Rodrigo Chávez 0-0: Ball
1-0: Called Strike
1-1: Foul Ball, location: 2F
1-2: TRIPLE (Flyball, 8RD)
Pinch Runner at 3rd Ryan Robbins:
Batting: RHB Noël Sassetti 0-0: Called Strike
0-1: Foul Ball, location: 2F
0-2: Strikes out looking
Batting: RHB Orlando Montejo 0-0: Ball
1-0: Called Strike
1-1: Ball
2-1: Ball
3-1: Foul Ball, location: 2F
3-2: Strikes out swinging
Bottom of the 2nd over - 0 run(s), 1 hit(s), 0 error(s), 1 left on base; Hogsmeade 0 - Mt. Vernon 3
TOP OF THE 3RD
Hogsmeade Cauldrons batting - Pitching for Mt. Vernon Bulls : LHP Martín Salazar
Now at SS: Ryan Robbins
Batting: RHB José Vargas 0-0: Ground out 5-3 (Groundball, 56)
Batting: RHB Robinson Barquero 0-0: Called Strike
0-1: Foul Ball, location: 2F
0-2: Foul Ball, location: 2F
0-2: Strikes out swinging
Batting: LHB José Cuervo 0-0: Ball
1-0: Ball
2-0: Fly out, F2 (Popup, 13)
Top of the 3rd over - 0 run(s), 0 hit(s), 0 error(s), 0 left on base; Hogsmeade 0 - Mt. Vernon 3
BOTTOM OF THE 3RD
Mt. Vernon Bulls batting - Pitching for Hogsmeade Cauldrons : RHP Bogdon Sokolov
Batting: RHB António López 0-0: Ball
1-0: Called Strike
1-1: Foul Ball, location: 2F
1-2: Foul Ball, location: 2F
1-2: Fly out, F4 (Popup, 34D)
Batting: RHB Beau Emery 0-0: Ball
1-0: Ball
2-0: Ball
3-0: Base on Balls
Batting: SHB Scotty Vallee 0-0: Foul Ball, location: 2F
0-1: Foul Ball, location: 2F
0-2: Ball
1-2: Foul Ball, location: 2F
1-2: Ball
2-2: Fly out, F9 (Flyball, 9)
Batting: RHB Ken Gardner 0-0: Called Strike
Beau Emery is caught stealing 2nd base
Bottom of the 3rd over - 0 run(s), 0 hit(s), 0 error(s), 0 left on base; Hogsmeade 0 - Mt. Vernon 3
TOP OF THE 4TH
Hogsmeade Cauldrons batting - Pitching for Mt. Vernon Bulls : LHP Martín Salazar
Batting: RHB Paul Penrice 0-0: Ground out 6-3 (Groundball, 6)
Batting: LHB Cris Gonzáles 0-0: Fly out, F7 (Flyball, 7LS)
Batting: RHB Jason Ward 0-0: Ball
1-0: Swinging Strike
1-1: Ground out 6-3 (Groundball, 6)
Top of the 4th over - 0 run(s), 0 hit(s), 0 error(s), 0 left on base; Hogsmeade 0 - Mt. Vernon 3
BOTTOM OF THE 4TH
Mt. Vernon Bulls batting - Pitching for Hogsmeade Cauldrons : RHP Bogdon Sokolov
Batting: RHB Ken Gardner 0-0: Ball
1-0: Bunt for hit - play at first, batter safe!
Batting: RHB Kieran Turnbull 0-0: Swinging Strike
0-1: Ball
1-1: Foul Ball, location: 2F
1-2: Foul Ball, location: 2F
1-2: Ground out 5-3 (Groundball, 56S)
Ken Gardner to second
Batting: SHB Vernon T. Waldrip 0-0: Called Strike
0-1: Ball
1-1: Foul Ball, location: 2F
1-2: Ball
2-2: Foul Ball, location: 2F
2-2: Ball
3-2: Hit by Pitch
Batting: RHB Ryan Robbins 0-0: Ball
1-0: Ball
2-0: Called Strike
2-1: Foul Ball, location: 2F
2-2: Ball
3-2: Foul Ball, location: 2F
3-2: Foul Ball, location: 2F
3-2: Foul Ball, location: 2F
3-2: Foul Ball, location: 2F
3-2: Strikes out swinging
Batting: RHB Noël Sassetti 0-0: Ball
1-0: Ball
2-0: Ball
3-0: Base on Balls
Ken Gardner to third
Vernon T. Waldrip to second
Batting: RHB Orlando Montejo 0-0: Ball
1-0: Called Strike
1-1: Ground out 6-3 (Groundball, 6S)
Bottom of the 4th over - 0 run(s), 1 hit(s), 0 error(s), 3 left on base; Hogsmeade 0 - Mt. Vernon 3
TOP OF THE 5TH
Hogsmeade Cauldrons batting - Pitching for Mt. Vernon Bulls : LHP Martín Salazar
Batting: LHB Donatas Montiejunas 0-0: Foul Ball, location: 2F
0-1: Called Strike
0-2: Ball
1-2: Strikes out looking
Batting: RHB Cody Skillings 0-0: Called Strike
0-1: DOUBLE (Line Drive, 7D)
Batting: SHB Nolan Halverson 0-0: Foul Ball, location: 2F
0-1: Foul Ball, location: 2F
0-2: Ball
1-2: Ball
2-2: SINGLE (Line Drive, 6MD)
Cody Skillings to third
Runner from 3rd tries for Home, throw and OUT!
Nolan Halverson to second
Now in RF: Juan Medina
Batting: RHB José Vargas 0-0: Fly out, F7 (Flyball, 7LS)
Top of the 5th over - 0 run(s), 2 hit(s), 0 error(s), 1 left on base; Hogsmeade 0 - Mt. Vernon 3
BOTTOM OF THE 5TH
Mt. Vernon Bulls batting - Pitching for Hogsmeade Cauldrons : RHP Bogdon Sokolov
Batting: RHB António López 0-0: Ball
1-0: Foul Ball, location: 2F
1-1: Foul Ball, location: 2F
1-2: Foul Ball, location: 2F
1-2: Ball
2-2: SINGLE (Groundball, 4MD)
Pitching: RHP Carlos Villegas
Batting: RHB Beau Emery 0-0: Swinging Strike
0-1: Ball
1-1: Swinging Strike
1-2: Ball
2-2: Foul Ball, location: 2F
2-2: SINGLE (Groundball, 4S) (infield hit)
António López to second
Batting: SHB Scotty Vallee 0-0: Ball
1-0: Foul Ball, location: 2F
1-1: Ball
2-1: Ball
3-1: Grounds into double play, 4-6-3 (Groundball, 4)
António López to third
Batting: RHB Ken Gardner 0-0: Ball
1-0: Ground out U3 (Groundball, 3)
Bottom of the 5th over - 0 run(s), 2 hit(s), 0 error(s), 1 left on base; Hogsmeade 0 - Mt. Vernon 3
TOP OF THE 6TH
Hogsmeade Cauldrons batting - Pitching for Mt. Vernon Bulls : LHP Martín Salazar
Batting: RHB Robinson Barquero 0-0: Called Strike
0-1: Ball
1-1: Swinging Strike
1-2: Ball
2-2: Strikes out swinging
Batting: LHB José Cuervo 0-0: Ball
1-0: Fly out, F9 (Flyball, 9)
Batting: RHB Paul Penrice 0-0: Ball
1-0: Ball
2-0: Ball
3-0: Called Strike
3-1: Foul Ball, location: 2F
3-2: Ground out 5-3 (Groundball, 56S)
Top of the 6th over - 0 run(s), 0 hit(s), 0 error(s), 0 left on base; Hogsmeade 0 - Mt. Vernon 3
BOTTOM OF THE 6TH
Mt. Vernon Bulls batting - Pitching for Hogsmeade Cauldrons : RHP Carlos Villegas
Batting: RHB Kieran Turnbull 0-0: Foul Ball, location: 2F
0-1: Ground out 4-3 (Groundball, 4S)
Batting: LHB Juan Medina 0-0: Ball
1-0: Called Strike
1-1: Ball
2-1: Ball
3-1: Base on Balls
Batting: RHB Ryan Robbins 0-0: Called Strike
0-1: Foul Ball, location: 2F
0-2: Ball
1-2: Ball
2-2: Strikes out looking
Batting: RHB Noël Sassetti 0-0: Ball
1-0: Foul Ball, location: 2F
1-1: Ball
2-1: Foul Ball, location: 2F
2-2: Foul Ball, location: 2F
2-2: Ball
3-2: Base on Balls
Juan Medina to second
Batting: RHB Orlando Montejo 0-0: Foul Ball, location: 2F
0-1: Swinging Strike
0-2: Strikes out swinging
Bottom of the 6th over - 0 run(s), 0 hit(s), 0 error(s), 2 left on base; Hogsmeade 0 - Mt. Vernon 3
TOP OF THE 7TH
Hogsmeade Cauldrons batting - Pitching for Mt. Vernon Bulls : LHP Martín Salazar
Batting: LHB Cris Gonzáles 0-0: Ground out 1-3 (Groundball, 13)
Batting: RHB Jason Ward 0-0: SINGLE (Flyball, 8RS)
Batting: LHB Donatas Montiejunas Pickoff Throw to First - Error! E1
Jason Ward to second
0-0: Ball
1-0: Ball
2-0: Called Strike
2-1: Swinging Strike
2-2: Foul Ball, location: 2F
2-2: Strikes out swinging passed ball, reaches first!
Jason Ward to third
Batting: RHB Cody Skillings 0-0: Called Strike
Donatas Montiejunas steals 2nd base
0-1: Foul Ball, location: 2F
0-2: Strikes out swinging
Batting: SHB Nolan Halverson 0-0: Foul Ball, location: 2F
0-1: Swinging Strike
0-2: Strikes out swinging
Top of the 7th over - 0 run(s), 1 hit(s), 1 error(s), 2 left on base; Hogsmeade 0 - Mt. Vernon 3
BOTTOM OF THE 7TH
Mt. Vernon Bulls batting - Pitching for Hogsmeade Cauldrons : RHP Carlos Villegas
Batting: RHB António López 0-0: Ball
1-0: Foul Ball, location: 2F
1-1: Ground out 6-3 (Groundball, 6D)
Batting: RHB Beau Emery 0-0: Ball
1-0: Swinging Strike
1-1: Foul Ball, location: 2F
1-2: Foul Ball, location: 2F
1-2: Ball
2-2: Foul Ball, location: 2F
2-2: Foul Ball, location: 2F
2-2: Ball
3-2: Strikes out looking
Batting: SHB Scotty Vallee 0-0: Ball
1-0: Called Strike
1-1: Swinging Strike
1-2: Ball
2-2: Ball
3-2: Fly out, F8 (Flyball, 8LM)
Bottom of the 7th over - 0 run(s), 0 hit(s), 0 error(s), 0 left on base; Hogsmeade 0 - Mt. Vernon 3
TOP OF THE 8TH
Hogsmeade Cauldrons batting - Pitching for Mt. Vernon Bulls : LHP Martín Salazar
Batting: RHB José Vargas 0-0: SINGLE (Groundball, 56D)
Batting: RHB Robinson Barquero 0-0: Called Strike
0-1: Ball
1-1: Ball
2-1: SINGLE (Groundball, 5D)
José Vargas to second
Batting: LHB José Cuervo 0-0: Called Strike
0-1: Called Strike
0-2: Fly out, F8 (Flyball, 8RM)
Batting: RHB Paul Penrice 0-0: Foul Ball, location: 2F
0-1: Ball
1-1: Ball
2-1: Ball
Wild Pitch!
José Vargas to third
Robinson Barquero to second
3-1: SINGLE (Groundball, 56D)
José Vargas scores
Robinson Barquero to third
Runner from 3rd tries for Home, SAFE, no throw
Batting: LHB Cris Gonzáles 0-0: Ball
1-0: Foul Ball, location: 2F
1-1: Ball
2-1: Ball
3-1: Base on Balls
Paul Penrice to second
Batting: RHB Jason Ward 0-0: Foul Ball, location: 2F
0-1: Ball
1-1: Foul Ball, location: 2F
1-2: Ball
2-2: Ball
3-2: Foul Ball, location: 2F
3-2: DOUBLE (Line Drive, 78D)
Paul Penrice scores
Cris Gonzáles to third
Batting: LHB Donatas Montiejunas 0-0: Called Strike
0-1: Reached on error, E7 (Flyball, 78M)
Cris Gonzáles scores
Jason Ward to third
Pinch Hitting: RHB Mitchell Westerbos 0-0: Ball
1-0: Ball
2-0: Ball
3-0: Base on Balls
Donatas Montiejunas to second
Pitching: LHP Carlos Núńez
Pinch Hitting: SHB Matt Hooper 0-0: Ball
1-0: Called Strike
1-1: Foul Ball, location: 2F
1-2: Ball
2-2: Strikes out swinging
Batting: RHB José Vargas 0-0: Ball
1-0: Ball
2-0: Called Strike
2-1: Ball
3-1: Ground out 6-3 (Groundball, 56)
Top of the 8th over - 4 run(s), 4 hit(s), 1 error(s), 3 left on base; Hogsmeade 4 - Mt. Vernon 3
BOTTOM OF THE 8TH
Mt. Vernon Bulls batting - Pitching for Hogsmeade Cauldrons : RHP Carlos Villegas
Pitching: LHP Suezo Amano
Now at 3B: Jim Unknown
Now in LF: Mitchell Westerbos
Batting: RHB Ken Gardner 0-0: Called Strike
0-1: Called Strike
0-2: Fly out, F8 (Flyball, 8RM)
Batting: RHB Kieran Turnbull 0-0: Called Strike
0-1: Ball
1-1: Ball
2-1: SINGLE (Groundball, 4MD)
Pinch Runner at 1st Orlando Hernández:
Pinch Hitting: RHB Dixon Snyder 0-0: Grounds into double play, 1-6-3 (Groundball, 13S)
Bottom of the 8th over - 0 run(s), 1 hit(s), 0 error(s), 0 left on base; Hogsmeade 4 - Mt. Vernon 3
TOP OF THE 9TH
Hogsmeade Cauldrons batting - Pitching for Mt. Vernon Bulls : LHP Carlos Núńez
Pitching: RHP Evan Roy
Now at SS: Orlando Hernández
Now in RF: Pablo Morales
Batting: RHB Robinson Barquero 0-0: Ball
1-0: Fly out, F9 (Flyball, 9S)
Pitching: RHP Jim Unknown
Batting: LHB José Cuervo 0-0: Called Strike
0-1: Ball
1-1: Ball
2-1: Foul Ball, location: 2F
2-2: Strikes out looking
Batting: RHB Paul Penrice 0-0: Foul Ball, location: 2F
0-1: Ball
1-1: Ball
2-1: Foul Ball, location: 2F
2-2: Ground out 6-3 (Groundball, 6)
Top of the 9th over - 0 run(s), 0 hit(s), 0 error(s), 0 left on base; Hogsmeade 4 - Mt. Vernon 3
BOTTOM OF THE 9TH
Mt. Vernon Bulls batting - Pitching for Hogsmeade Cauldrons : LHP Suezo Amano
Pitching: LHP Bradley Roth
Batting: RHB Ryan Robbins 0-0: Foul Ball, location: 2F
0-1: Ball
1-1: Called Strike
1-2: Strikes out swinging
Batting: RHB Noël Sassetti 0-0: Called Strike
0-1: Foul Ball, location: 2F
0-2: Ball
1-2: Ball
2-2: Foul Ball, location: 2F
2-2: Foul Ball, location: 2F
2-2: Fly out, F8 (Flyball, 8LM)
Batting: RHB Orlando Montejo 0-0: Ball
1-0: Ball
2-0: Called Strike
2-1: Called Strike
2-2: Ball
3-2: Base on Balls
Batting: RHB António López 0-0: Fielders Choice at 2nd, 4-6 (Groundball, 4)
Bottom of the 9th over - 0 run(s), 0 hit(s), 0 error(s), 0 left on base; Hogsmeade 4 - Mt. Vernon 3
Saturday, May 26th, 2018 - OOTP Baseball 17.12 Build 75